 Dungeon Crawl Stone Soup version 0.18-a0-1685-g4482fe3 (webtiles) character file.

2868 Goblin1989 the Martial Artist (level 9, 0/68 HPs)
             Began as a Demonspawn Monk on Apr 1, 2016.
             Was a Priest of Cheibriados.
             Slain by a slime creature (1 damage)
             ... on level 8 of the Dungeon on Apr 4, 2016.
             The game lasted 00:31:23 (9884 turns).

Goblin1989 the Martial Artist (Demonspawn Monk)     Turns: 9884, Time: 00:31:24

Health: 0/68       AC: 17    Str: 23    XL:     9   Next: 47%
Magic:  13/13      EV:  9    Int: 19    God:    Cheibriados [***...]
Gold:   542        SH:  0    Dex: 23    Spells: 0 memorised, 8 levels left

rFire  . . .     SeeInvis +       - Unarmed
rCold  . . .     Gourm    .     G - +0 plate armour
rNeg   . . .     Faith    .     (no shield)
rPois  .         Spirit   .     (helmet unavailable)
rElec  .         Dismiss  .     (no cloak)
rCorr  .         Reflect  .     v - +2 pair of gloves
SustAt .         Harm     .     c - +0 pair of boots
MR     +....                    (no amulet)
Stlth  ..........               i - +5 ring of protection
                                e - ring of protection from magic

@: very slow, somewhat resistant to hostile enchantments, extremely unstealthy
A: antennae 3, talons 1, icy blue scales 1, blurry vision 1, deformed body,
nightstalker 1, slow regeneration 1, strong 1
a: Bend Time, Temporal Distortion, Renounce Religion


You were on level 8 of the Dungeon.
You worshipped Cheibriados.
Cheibriados was most pleased with you.
You were hungry.

You visited 2 branches of the dungeon, and saw 9 of its levels.

You collected 542 gold pieces.

Inventory:

Missiles
 z - 4 javelins (quivered)
Armour
 c - a +0 pair of boots (worn)
 r - a +0 ring mail of fire resistance
 v - a +2 pair of gloves (worn)
 G - a +0 plate armour (worn)
Jewellery
 e - a ring of protection from magic (left hand)
 i - a +5 ring of protection (right hand)
 I - an uncursed amulet of harm {unknown}
Wands
 h - a wand of paralysis (0/24)
 w - a wand of teleportation (6/9)
 D - a wand of teleportation (4/9)
Scrolls
 g - 2 scrolls of enchant weapon {unknown}
 m - 4 scrolls of identify {unknown}
 n - 6 scrolls of remove curse {unknown}
 o - 2 scrolls of fog {unknown}
 q - 3 scrolls of blinking {unknown}
 s - 3 scrolls of amnesia {unknown}
 t - 2 scrolls of magic mapping {unknown}
 u - a scroll of teleportation {unknown}
 x - a scroll of fear {unknown}
 y - a scroll of recharging {unknown}
 C - a scroll of vulnerability {unknown}
Potions
 a - a potion of degeneration {unknown}
 f - 6 potions of curing
 j - 2 potions of flight
 k - a potion of lignification
 p - 2 potions of magic
 A - a potion of resistance {unknown}
 B - a potion of heal wounds {unknown}
 F - 2 potions of ambrosia {unknown}
 H - 2 potions of mutation {unknown}
Comestibles
 b - 4 bread rations
 d - 2 fruits
 l - 3 meat rations
 E - a slice of pizza


   Skills:
 - Level 5.2 Fighting
 - Level 5.0 Armour
 + Level 3.6 Dodging
 - Level 1.7 Stealth
 * Level 9.6 Unarmed Combat
 + Level 5.9 Invocations


You had 8 spell levels left.
You didn't know any spells.

Dungeon Overview and Level Annotations

Branches:
Dungeon (8/15)             Temple (1/1) D:6
   Lair: D:8-11

Altars:
Ashenzari
Cheibriados
Dithmenos
Elyvilon
Fedhas
Gozag
Kikubaaqudgha
Makhleb
Nemelex Xobeh
Okawaru
Pakellas
Qazlal
Ru
Sif Muna
Trog
Vehumet
Xom
Yredelemnul
Zin
The Shining One

Annotations:
D:6 Leszczynek's ghost, novice NaWz
D:7 1 exclusion


Innate Abilities, Weirdness & Mutations

You have a pair of large antennae on your head (SInv).
You are partially covered in icy blue scales (AC +1).
You are slightly more attuned to the shadows.
You have sharp toenails.
Scrolls take you a little longer to read.
Armour fits poorly on your strangely shaped body.
You regenerate slowly when monsters are visible.
Your muscles are strong. (Str +2)


Message History

Your plate armour prevents you from hitting the slime creature.
Unknown command.
You barely miss the slime creature.
The slime creature completely misses you.
Unknown command.
You hit the slime creature but do no damage.
The slime creature hits you but does no damage.
Unknown command.
You punch the slime creature!
The slime creature is moderately wounded.
The slime creature hits you but does no damage.
Unknown command.
You punch the slime creature!
The slime creature is heavily wounded.
The slime creature closely misses you.
Unknown command.
You punch the slime creature!
The slime creature is heavily wounded.
The slime creature hits you.
You die...

............... {
............... #......
...)........... #......
............... #......
...............
#.....#########'##......
#.....#..........#######
#....J#...........# .
#.....#@.....(....# .
#.....'J..........# .
#.....########....#.....
#.....# #....#.....
#.....# #....+.....
#..%..# #...##...>#
#.....# #...##....#
#..... #....†)...#
#.........#


You could see a slime creature.

Vanquished Creatures
  A slime creature (D:8)
  2 hungry ghosts
  An orc warrior (D:8)
  2 sky beasts
  5 ogres
  2 centaurs
  The ghost of crawlian the Firebug, an amateur DEFE (D:5)
  2 giant frogs (D:7)
  A scorpion (D:6)
  A water moccasin skeleton (D:5)
  2 howler monkeys
  5 crimson imps
  2 centaur zombies
  A quasit (D:5)
  3 jellies
  2 giant frog skeletons
  2 orc priests
  2 hounds
  9 orc wizards
  3 iguanas
  5 worker ants
  A worker ant zombie (D:5)
  3 gnolls (D:4)
  6 adders
  A shadow imp (D:7)
  8 worms
  7 giant geckos
  24 orcs
  9 giant cockroaches
  4 goblins
  5 hobgoblins
  16 jackals
  2 quokkas
  A ball python (D:4)
  6 bats
  A giant gecko zombie (D:5)
  6 giant newts
  7 kobolds
  9 rats
170 creatures vanquished.

Notes
Turn   | Place    | Note
--------------------------------------------------------------
     0 | D:1      | Goblin1989 the Demonspawn Monk began the quest for the Orb.
     0 | D:1      | Reached XP level 1. HP: 18/18 MP: 1/1
   423 | D:1      | Reached skill level 4 in Unarmed Combat
   426 | D:1      | Gained mutation: You are slightly more attuned to the shadows. [demonic ancestry]
   426 | D:1      | Reached XP level 2. HP: 23/24 MP: 2/2
   941 | D:2      | Gained mutation: You have a pair of small antennae on your head. [demonic ancestry]
   941 | D:2      | Reached XP level 3. HP: 24/29 MP: 3/3
  1456 | D:2      | Found a radiant altar of Vehumet.
  1457 | D:2      | Found an opulent altar of Gozag.
  1895 | D:2      | Reached skill level 5 in Unarmed Combat
  2186 | D:3      | Reached XP level 4. HP: 35/35 MP: 4/4
  2404 | D:3      | Found a blossoming altar of Fedhas.
  3158 | D:4      | Reached skill level 1 in Armour
  3463 | D:4      | Gained mutation: You have a pair of antennae on your head. [demonic ancestry]
  3463 | D:4      | Reached XP level 5. HP: 40/41 MP: 5/5
  3936 | D:4      | Gained mutation: You have a pair of large antennae on your head (SInv). [demonic ancestry]
  3936 | D:4      | Reached XP level 6. HP: 46/47 MP: 6/6
  4165 | D:4      | Reached skill level 6 in Unarmed Combat
  4610 | D:5      | Entered Level 5 of the Dungeon
  5008 | D:5      | Reached XP level 7. HP: 27/52 MP: 7/7
  5807 | D:5      | Reached skill level 7 in Unarmed Combat
  5847 | D:5      | Noticed crawlian's ghost (amateur DEFE)
  6185 | D:5      | Upgraded the game from 0.18-a0-1666-g3ea6f2b to 0.18-a0-1670-gb40d73e
  6620 | D:6      | Reached skill level 5 in Armour
  6703 | D:6      | Gained mutation: You are partially covered in icy blue scales (AC +1). [demonic ancestry]
  6703 | D:6      | Reached XP level 8. HP: 58/58 MP: 8/8
  6765 | D:6      | Noticed Leszczynek's ghost (novice NaWz)
  7111 | D:6      | Found a staircase to the Ecumenical Temple.
  7118 | Temple   | Entered the Ecumenical Temple
  7223 | Temple   | Became a worshipper of Cheibriados the Contemplative
  7223 | Temple   | Reached * piety under Cheibriados
  7223 | Temple   | Reached ** piety under Cheibriados
  7593 | D:7      | Reached skill level 1 in Invocations
  7652 | D:7      | Reached skill level 8 in Unarmed Combat
  8085 | D:7      | Gained mutation: You have sharp toenails. [mutagenic meat]
  8086 | D:7      | Gained mutation: You regenerate slowly when monsters are visible. [mutagenic meat]
  8087 | D:7      | Gained mutation: Your muscles are strong. (Str +2) [mutagenic meat]
  8089 | D:7      | Gained mutation: Scrolls take you a little longer to read. [mutagenic meat]
  8090 | D:7      | Gained mutation: Armour fits poorly on your strangely shaped body. [mutagenic meat]
  8317 | D:7      | Noticed a moth of wrath
  8320 | D:7      | Found a bloodstained altar of Trog.
  8334 | D:7      | Reached *** piety under Cheibriados
  8864 | D:5      | Reached skill level 5 in Fighting
  9109 | D:5      | Reached XP level 9. HP: 59/68 MP: 12/12
  9224 | D:5      | Killed crawlian's ghost
  9224 | D:5      | Reached skill level 9 in Unarmed Combat
  9489 | D:8      | Upgraded the game from 0.18-a0-1670-gb40d73e to 0.18-a0-1685-g4482fe3
  9527 | D:8      | Reached skill level 5 in Invocations
  9877 | D:8      | HP: 3/68 [slime creature (9)]
  9878 | D:8      | HP: 1/68 [slime creature (2)]
  9884 | D:8      | Slain by a slime creature

Vault maps used:
D:1:      noname_arrival_rooms_in_the_neighbourhood, serial_forest,
          infiniplex_forest_lined_3, infiniplex_forest_lined_corner,
          infiniplex_forest_straight_4, infiniplex_forest_clump_small,
          infiniplex_forest_lined_4_way, lemuel_another_geyser
D:2:      gammafunk_temple_overflow_statue
D:3:      first_bread, fedhas_altar_4
D:6:      temple_green
D:7:      tgw_trog
Temple:   kilobyte_greek_temple_18

Skill      XL: |  1  2  3  4  5  6  7  8  9 |
---------------+----------------------------+-----
Unarmed Combat | 4 5 6 7 8 9 |  9.6
Armour         | 1 2 3 5 |  5.0
Fighting       | 5 |  5.2
Invocations    | 4 5 |  5.9
Dodging        | 3 |  3.6
Stealth        | |  1.7

Action                   |  1- 3 |  4- 6 |  7- 9 || total
-------------------------+-------+-------+-------++-------
Melee: Unarmed           |   166 |   281 |   481 ||   928
Throw: Javelin           |       |       |     1 ||     1
Invok: Bend Time         |       |       |     2 ||     2
Evoke: Wand              |       |       |     6 ||     6
  Use: Potion            |     2 |     7 |       ||     9
 Stab: Sleeping          |     8 |       |       ||     8
       Invisible         |       |     1 |       ||     1
       Paralysed         |       |       |     5 ||     5
  Eat: Fruit             |     2 |       |     4 ||     6
       Chunk             |     1 |    11 |    13 ||    25
       Beef jerky        |       |       |     1 ||     1
       Pizza             |       |       |     1 ||     1
       Meat ration       |       |       |     1 ||     1
